[ AOE2 MATCH · #507501446 ]
UnrankedHuns vs None
Rival team · WIN
[ REPLAY ANALYSIS · EXTRACTED FROM THE RECORDED GAME ]
Feudal
—
Castle
—
Imperial
—
| APM avg | 30.7 |
| APM peak | 76 |
| eAPM avg | 19.2 |
| Villagers / military | 4 / 508 |
Focus
⚔️ 90.0% · 🌾 10.0%
Militia ×190 · Knight ×100 · Archer ×75 · Petard ×70 · Cavalry Archer ×70 · Battering Ram ×3
Feudal
—
Castle
—
Imperial
—
| APM avg | 55.8 |
| APM peak | 520 |
| eAPM avg | 43.8 |
| Villagers / military | 6 / 290 |
Focus
⚔️ 88.4% · 🌾 11.6%
Cavalry Archer ×120 · Archer ×85 · Knight ×85
Match map
Initial resources + every placement click. Lines = walls · curves = elevation contours. ◆ gold · ⬟ stone · ● berries · ✦ relic · ◌ wall gap
Your base· ✓ Closed at 12:00 · 0t walls · 2 gate(s)
JamesNewstedd's base· ✓ Closed at 12:00 · 0t walls · 2 gate(s)
Smoothed initial terrain · ◌ = detected wall gap · hover for details
Inputs per minute
— Scol1ng - - JamesNewstedd
Build order — Scol1ng
First 150 of 155 actions detected
| 0:06 | Build | Barracks |
| 0:08 | Build | Barracks |
| 0:11 | Queue | Villager (Male) |
| 0:11 | Queue | Villager (Male) |
| 0:11 | Queue | Villager (Male) |
| 0:11 | Queue | Villager (Male) |
| 0:29 | Build | Archery Range |
| 0:29 | Build | Archery Range |
| 0:30 | Build | Archery Range |
| 0:30 | Build | Archery Range |
| 0:31 | Build | Archery Range |
| 0:31 | Build | Archery Range |
| 0:32 | Build | Archery Range |
| 0:44 | Queue | Cavalry Archer ×5 |
| 0:44 | Queue | Cavalry Archer ×5 |
| 0:44 | Queue | Cavalry Archer ×5 |
| 0:45 | Queue | Cavalry Archer ×5 |
| 0:45 | Queue | Cavalry Archer ×5 |
| 0:45 | Queue | Cavalry Archer ×5 |
| 0:45 | Queue | Cavalry Archer ×5 |
| 0:45 | Queue | Cavalry Archer ×5 |
| 0:46 | Queue | Cavalry Archer ×5 |
| 0:46 | Queue | Cavalry Archer ×5 |
| 0:46 | Queue | Cavalry Archer ×5 |
| 0:47 | Queue | Cavalry Archer ×5 |
| 0:47 | Queue | Cavalry Archer ×5 |
| 0:47 | Queue | Cavalry Archer ×5 |
| 1:11 | Build | Lumber Camp |
| 5:08 | Build | Stable |
| 5:08 | Build | Stable |
| 5:09 | Build | Stable |
| 5:10 | Build | Stable |
| 5:10 | Build | Stable |
| 5:10 | Build | Stable |
| 5:11 | Build | Stable |
| 5:26 | Queue | Knight ×5 |
| 5:26 | Queue | Knight ×5 |
| 5:26 | Queue | Knight ×5 |
| 5:27 | Queue | Knight ×5 |
| 5:27 | Queue | Knight ×5 |
| 5:27 | Queue | Knight ×5 |
| 5:27 | Queue | Knight ×5 |
| 5:28 | Queue | Knight ×5 |
| 5:28 | Queue | Knight ×5 |
| 5:28 | Queue | Knight ×5 |
| 5:28 | Queue | Knight ×5 |
| 5:29 | Queue | Knight ×5 |
| 5:29 | Queue | Knight ×5 |
| 5:29 | Queue | Knight ×5 |
| 7:59 | Build | Castle |
| 8:00 | Build | Castle |
| 8:01 | Build | Castle |
| 8:22 | Queue | Petard ×5 |
| 8:23 | Queue | Petard ×5 |
| 8:23 | Queue | Petard ×5 |
| 8:24 | Queue | Petard ×5 |
| 8:24 | Queue | Petard ×5 |
| 8:24 | Queue | Petard ×5 |
| 8:24 | Queue | Petard ×5 |
| 8:25 | Queue | Petard ×5 |
| 8:25 | Queue | Petard ×5 |
| 8:26 | Queue | Petard ×5 |
| 8:26 | Queue | Petard ×5 |
| 8:26 | Queue | Petard ×5 |
| 8:26 | Queue | Petard ×5 |
| 8:27 | Queue | Petard ×5 |
| 8:44 | Build | Barracks |
| 9:13 | Queue | Knight ×5 |
| 9:14 | Queue | Knight ×5 |
| 9:15 | Queue | Knight ×5 |
| 9:15 | Queue | Knight ×5 |
| 10:15 | Build | Barracks |
| 10:15 | Build | Barracks |
| 10:22 | Queue | Knight ×5 |
| 10:23 | Queue | Knight ×5 |
| 12:06 | Research | Spies/Treason |
| 12:42 | Queue | Archer ×5 |
| 12:42 | Queue | Archer ×5 |
| 12:42 | Queue | Archer ×5 |
| 12:42 | Queue | Archer ×5 |
| 12:43 | Queue | Archer ×5 |
| 12:43 | Queue | Archer ×5 |
| 12:44 | Queue | Archer ×5 |
| 12:44 | Queue | Archer ×5 |
| 12:44 | Queue | Archer ×5 |
| 12:44 | Queue | Archer ×5 |
| 12:45 | Queue | Archer ×5 |
| 12:45 | Queue | Archer ×5 |
| 12:46 | Queue | Archer ×5 |
| 12:46 | Queue | Archer ×5 |
| 12:46 | Queue | Archer ×5 |
| 13:08 | Build | Barracks |
| 13:09 | Build | Barracks |
| 13:10 | Build | Barracks |
| 13:11 | Build | Barracks |
| 13:58 | Build | Barracks |
| 13:58 | Build | Barracks |
| 13:59 | Build | Barracks |
| 14:01 | Build | Barracks |
| 14:01 | Build | Barracks |
| 14:02 | Build | Barracks |
| 14:02 | Build | Barracks |
| 14:03 | Build | Barracks |
| 14:03 | Build | Barracks |
| 14:04 | Build | Barracks |
| 14:04 | Build | Barracks |
| 15:24 | Build | Siege Workshop |
| 15:24 | Build | Siege Workshop |
| 15:25 | Build | Siege Workshop |
| 15:26 | Build | Siege Workshop |
| 15:27 | Build | Siege Workshop |
| 15:28 | Build | Siege Workshop |
| 15:29 | Build | Siege Workshop |
| 15:29 | Build | Siege Workshop |
| 15:37 | Queue | Militia ×5 |
| 15:37 | Queue | Militia ×5 |
| 15:38 | Queue | Militia ×5 |
| 15:38 | Queue | Militia ×5 |
| 15:38 | Queue | Militia ×5 |
| 15:39 | Queue | Militia ×5 |
| 15:39 | Queue | Militia ×5 |
| 15:39 | Queue | Militia ×5 |
| 15:40 | Queue | Militia ×5 |
| 15:40 | Queue | Militia ×5 |
| 15:40 | Queue | Militia ×5 |
| 15:40 | Queue | Militia ×5 |
| 15:40 | Queue | Militia ×5 |
| 15:40 | Queue | Militia ×5 |
| 15:41 | Queue | Militia ×5 |
| 15:41 | Queue | Militia ×5 |
| 15:41 | Queue | Militia ×5 |
| 15:41 | Queue | Militia ×5 |
| 15:41 | Queue | Militia ×5 |
| 15:42 | Queue | Militia ×5 |
| 15:42 | Queue | Militia ×5 |
| 15:42 | Queue | Militia ×5 |
| 15:42 | Queue | Militia ×5 |
| 15:42 | Queue | Militia ×5 |
| 15:43 | Queue | Militia ×5 |
| 15:43 | Queue | Militia ×5 |
| 15:43 | Queue | Militia ×5 |
| 15:43 | Queue | Militia ×5 |
| 15:43 | Queue | Militia ×5 |
| 15:44 | Queue | Militia ×5 |
| 15:44 | Queue | Militia ×5 |
| 15:44 | Queue | Militia ×5 |
| 15:45 | Queue | Militia ×5 |
| 15:45 | Queue | Militia ×5 |
| 15:45 | Queue | Militia ×5 |
| 15:45 | Queue | Militia ×5 |
Build order — JamesNewstedd
74 actions detected in the replay
| 0:00 | Queue | Villager (Male) |
| 0:01 | Queue | Villager (Male) |
| 0:07 | Build | Archery Range |
| 0:09 | Build | Archery Range |
| 0:10 | Build | Archery Range |
| 0:12 | Build | Archery Range |
| 0:14 | Queue | Villager (Male) |
| 0:14 | Queue | Villager (Male) |
| 0:14 | Queue | Villager (Male) |
| 0:15 | Queue | Villager (Male) |
| 0:24 | Build | Archery Range |
| 0:26 | Build | Archery Range |
| 0:27 | Build | Barracks |
| 0:31 | Build | Stable |
| 0:51 | Build | Archery Range |
| 0:52 | Build | Archery Range |
| 1:01 | Queue | Cavalry Archer ×5 |
| 1:01 | Queue | Cavalry Archer ×5 |
| 1:02 | Queue | Cavalry Archer ×5 |
| 1:02 | Queue | Cavalry Archer ×5 |
| 1:02 | Queue | Cavalry Archer ×5 |
| 1:02 | Queue | Cavalry Archer ×5 |
| 1:02 | Queue | Cavalry Archer ×5 |
| 1:03 | Queue | Cavalry Archer ×5 |
| 1:03 | Queue | Cavalry Archer ×5 |
| 1:05 | Queue | Cavalry Archer ×5 |
| 1:05 | Queue | Cavalry Archer ×5 |
| 1:13 | Queue | Cavalry Archer ×5 |
| 5:08 | Queue | Cavalry Archer ×5 |
| 5:09 | Queue | Cavalry Archer ×5 |
| 5:09 | Queue | Cavalry Archer ×5 |
| 5:09 | Queue | Cavalry Archer ×5 |
| 5:09 | Queue | Cavalry Archer ×5 |
| 5:10 | Queue | Cavalry Archer ×5 |
| 5:10 | Queue | Cavalry Archer ×5 |
| 5:10 | Queue | Cavalry Archer ×5 |
| 5:10 | Queue | Cavalry Archer ×5 |
| 5:11 | Queue | Cavalry Archer ×5 |
| 5:12 | Queue | Cavalry Archer ×5 |
| 5:21 | Queue | Cavalry Archer ×5 |
| 8:37 | Queue | Knight ×5 |
| 8:37 | Queue | Knight ×5 |
| 8:37 | Queue | Knight ×5 |
| 8:37 | Queue | Knight ×5 |
| 8:37 | Queue | Knight ×5 |
| 8:38 | Queue | Knight ×5 |
| 8:38 | Queue | Knight ×5 |
| 8:38 | Queue | Knight ×5 |
| 8:38 | Queue | Knight ×5 |
| 8:39 | Queue | Knight ×5 |
| 8:39 | Queue | Knight ×5 |
| 8:39 | Queue | Knight ×5 |
| 8:40 | Queue | Knight ×5 |
| 8:40 | Queue | Knight ×5 |
| 8:40 | Queue | Knight ×5 |
| 8:41 | Queue | Knight ×5 |
| 8:41 | Queue | Knight ×5 |
| 13:04 | Queue | Archer ×5 |
| 13:04 | Queue | Archer ×5 |
| 13:04 | Queue | Archer ×5 |
| 13:04 | Queue | Archer ×5 |
| 13:05 | Queue | Archer ×5 |
| 13:05 | Queue | Archer ×5 |
| 13:05 | Queue | Archer ×5 |
| 13:05 | Queue | Archer ×5 |
| 13:05 | Queue | Archer ×5 |
| 13:06 | Queue | Archer ×5 |
| 13:06 | Queue | Archer ×5 |
| 13:06 | Queue | Archer ×5 |
| 13:06 | Queue | Archer ×5 |
| 13:06 | Queue | Archer ×5 |
| 13:07 | Queue | Archer ×5 |
| 13:07 | Queue | Archer ×5 |
| 13:07 | Queue | Archer ×5 |
Match timeline
| 0:06 | Scol1ng · first_building Barracks |
| 0:07 | JamesNewstedd · first_building Archery Range |
| 0:27 | JamesNewstedd · first_building Barracks |
| 0:29 | Scol1ng · first_building Archery Range |
| 0:31 | JamesNewstedd · first_building Stable |
| 5:08 | Scol1ng · first_building Stable |
| 7:59 | Scol1ng · first_building Castle |
| 15:24 | Scol1ng · first_building Siege Workshop |
| 16:10 | Scol1ng · resign |
[ AI ANALYSIS · 1 CREDIT ]
What really happened in this match?
Wolo.gg analyzes every decision: build order, eco, micro, common mistakes by bracket. Personalized analysis on WhatsApp or Discord in 30 seconds.
Civ guide
Huns
Perfil
Jugador #6003640